 Dungeon Crawl Stone Soup version 0.28.0-49-g6dfe1f597d (webtiles) character file.

Game seed: 14076027931158138503

1887 tife0686 the Chiller (level 9, -5/65 HPs)
             Began as a Human Ice Elementalist on May 15, 2022.
             Was a Believer of Ru.
             Killed from afar by a steam dragon (15 damage)
             ... with a ball of steam
             ... on level 7 of the Dungeon on May 16, 2022.
             The game lasted 02:08:35 (12093 turns).

tife0686 the Chiller (Human Ice Elementalist)      Turns: 12093, Time: 02:08:36

Health: -5/65      AC:  8    Str: 13    XL:     9   Next: 37%
Magic:  17/17      EV: 14    Int: 20    God:    Ru [**....]
Gold:   247        SH:  0    Dex: 14    Spells: 3/18 levels left

rFire   . . .      SeeInvis .   c - +0 dagger (drain)
rCold   . . .      Faith    .   (no shield)
rNeg    . . .      Spirit   .   o - +2 leather armour "Taopruwo" {rCorr Str+5}
rPois   +          Reflect  .   (no helmet)
rElec   .          Harm     .   (no cloak)
rCorr   +          Rampage  .   e - +2 pair of gloves
Will    +....                   (no boots)
Stlth   ++........              (no amulet)
HPRegen 0.20/turn               v - ring of wizardry
MPRegen 0.15/turn               u - ring of willpower

@: studying Earth Magic, unable to read
A: inability to read while threatened, missing an eye, mutation resistance 1,
poison resistance, subdued magic 1
a: Renounce Religion


You were on level 7 of the Dungeon.
You worshipped Ru.
Ru was pleased with you.
You visited 1 branch of the dungeon, and saw 7 of its levels.

You collected 277 gold pieces.
You spent 30 gold pieces at shops.

Inventory:

Hand Weapons
 b - a +0 dagger
 c - a +0 dagger of draining (weapon)
 f - a +0 whip
 s - a +2 dagger of speed
Missiles
 h - 2 throwing nets
Armour
 a - a +1 robe
 e - a +2 pair of gloves (worn)
 g - a +0 chain mail
 i - a +2 robe of resistance
 j - a +3 leather armour of poison resistance
 o - the +2 leather armour "Taopruwo" (worn) {rCorr Str+5}
   (You found it on level 7 of the Dungeon)

   Str:       It affects your strength (+5).
   rCorr:     It protects you from acid and corrosion.
 r - a +0 barding
Jewellery
 d - a ring of poison resistance
 l - a ring of flight
 n - a ring of protection from cold
 p - a ring of protection from cold
 u - a ring of willpower (right hand)
 v - a ring of wizardry (left hand)
Wands
 k - a wand of digging (5)
Potions
 m - a potion of cancellation
 q - a potion of haste


   Skills:
 + Level 3.8 Fighting
 + Level 4.0 Short Blades
 - Level 0.5 Maces & Flails
 + Level 1.2 Armour
 + Level 5.6 Dodging
 - Level 2.0 Stealth
 - Level 0.1 Unarmed Combat
 + Level 5.3 Spellcasting
 + Level 0.1 Conjurations
 + Level 0.5 Transmutations
 + Level 7.2 Ice Magic


You had 3 spell levels left.
You knew the following spells:

 Your Spells              Type           Power      Damage    Failure   Level
a - Freeze                Ice            100%       1d11      1%          1
b - Frozen Ramparts       Ice            52%        1d7       1%          3
c - Ozocubu's Armour      Ice            26%        N/A       1%          3
d - Hailstorm             Conj/Ice       15%        3d5       11%         4
e - Ice Form              Ice/Tmut       16%        N/A       10%         4

Your spell library contained the following spells:

 Spells                   Type           Power      Damage    Failure   Level
 Simulacrum               Ice/Necr       7%         N/A       85%         6


Dungeon Overview and Level Annotations

Branches:
Dungeon (7/15)             Temple (0/1) D:6

Altars:
Okawaru
Ru

Shops:
D:2 !   D:7 *


Innate Abilities, Weirdness & Mutations

You sometimes lose the ability to read scrolls when taking damage.
You are missing an eye, making it more difficult to aim.
You are somewhat resistant to further mutation.
Your system is resistant to poisons. (rPois)
Your spells are a little easier to cast, but a little less powerful.


Message History

Your icy body feels more resilient.
The steam dragon is stunned by your conviction and fails to attack.
You closely miss the steam dragon.
You are engulfed in a cloud of scalding steam.
The steam dragon breathes steam at you. The ball of steam hits you!
The steam scalds you terribly!
* * * LOW HITPOINT WARNING * * *
The heat melts your icy armour.
You hit the steam dragon. You freeze the steam dragon.
The steam dragon is lightly wounded.
The steam dragon bites you.
* * * LOW HITPOINT WARNING * * *
The steam dragon claws you.
* * * LOW HITPOINT WARNING * * *
Casting: Ozocubu's Armour (safe; 1% risk of failure)
Confirm with . or Enter, or press ? or * to list all spells.
Okay, then.
Your icy armour will break if you move.
Continue?
Your icy armour cracks and falls away as you move.
The steam dragon misses you. The steam dragon closely misses you.
You see here a +0 short sword.
You see here a +0 short sword.
Your transformation is almost over.
You see here a +0 short sword.
You see here a +0 short sword.
You can read scrolls again.
You see here a +0 short sword.
You warm up again.
Your +0 dagger of draining unmelds from your body.
Your +2 pair of gloves unmelds from your body.
The +2 leather armour "Taopruwo" {rCorr Str+5} unmelds from your body.
You sense an unholy aura.
You see here a +0 short sword.
You see here a +0 short sword.
You see here a +0 short sword.
You see here a +0 short sword.
The steam dragon breathes steam at you. The ball of steam hits you!
You feel threatened and lose the ability to read scrolls!
You die...

*,,,*....#..#
*,,,,*..#..D#
**,,,,*##....###
*,,,.#*#...$.#.#*****
*,,,#..#....§#..,,,,*
*,,*....#....#.#*,***
* *,,*.....##.§#.#*,#
****,,,........##.##.#
+,,,,,,........>@....#
***,***.#######.#D####
* #..,,,#......[).#
#.#***#.#####)### #.#
*,,,,,*#.#
###.########,*#.####
.##.#......#,*#..†.##
.##.#....#.#,*#.##..#
.##.####.#.#**#####.#


You could see a steam dragon (catching breath).

Vanquished Creatures
  A wyvern (D:7)
  2 water moccasins (D:7)
  2 orc warriors
  A black bear (D:7)
  A necrophage (D:4)
  2 centaurs (D:6)
  A bullfrog (D:7)
  2 scorpions
  2 howler monkeys (D:6)
  2 bullfrog zombies (D:5)
  3 hounds
  A centaur zombie (D:7)
  An orc priest (D:3)
  2 centaur skeletons (D:6)
  Ijyb (D:3)
  2 iguanas
  7 orc wizards
  A killer bee zombie (D:6)
  A howler monkey zombie (D:7)
  6 gnolls
  6 adders
  A white imp (D:6)
  An ufetubus (D:5)
  2 worms
  4 dart slugs
  13 orcs
  7 ball pythons
  4 bats
  12 endoplasms
  3 giant cockroaches
  17 goblins
  11 hobgoblins
  11 jackals
  A quokka (D:2)
  3 frilled lizards
  13 kobolds
  A quokka skeleton (D:3)
  7 rats
158 creatures vanquished.

Notes
Turn   | Place    | Note
-------+----------+-------------------------------------------
     0 | D:1      | tife0686 the Human Ice Elementalist began the quest for the
                  | Orb.
     0 | D:1      | Reached XP level 1. HP: 13/13 MP: 3/3
   140 | D:1      | Reached XP level 2. HP: 19/19 MP: 3/5
   607 | D:1      | Found Nyecului's One-of-a-Kind Rings.
   690 | D:1      | Reached XP level 3. HP: 13/24 MP: 3/6
   696 | D:1      | Learned a level 3 spell: Frozen Ramparts
  1637 | D:2      | Reached XP level 4. HP: 26/31 MP: 0/7
  2109 | D:2      | Found a sacrificial altar of Ru.
  2115 | D:2      | Became a worshipper of Ru the Awakened
  2310 | D:2      | Found Jiqacuy's Distillery.
  2317 | D:2      | Bought a potion of curing for 30 gold pieces
  2383 | D:2      | Found a faded altar of an unknown god.
  2697 | D:3      | Reached XP level 5. HP: 30/36 MP: 8/8
  2866 | D:3      | Learned a level 3 spell: Ozocubu's Armour
  2902 | D:3      | Reached skill level 1 in Fighting
  2902 | D:3      | Reached skill level 1 in Short Blades
  2902 | D:3      | Reached skill level 5 in Ice Magic
  3384 | D:3      | Noticed Ijyb
  3399 | D:3      | Killed Ijyb
  3400 | D:3      | Reached XP level 6. HP: 36/43 MP: 2/10
  3422 | D:3      | Learned a level 4 spell: Hailstorm
  4202 | D:3      | Gained mutation: You are missing an eye, making it more
                  | difficult to aim. [Ru sacrifice]
  5282 | D:4      | Noticed a necrophage
  5329 | D:4      | Killed a necrophage
  5330 | D:4      | Reached XP level 7. HP: 27/49 MP: 9/12
  5641 | D:5      | Entered Level 5 of the Dungeon
  6729 | D:4      | Gained mutation: Your spells are a little easier to cast,
                  | but a little less powerful. [potion of mutation]
  6729 | D:4      | Gained mutation: Your system is resistant to poisons.
                  | (rPois) [potion of mutation]
  6729 | D:4      | Gained mutation: You are somewhat resistant to further
                  | mutation. [potion of mutation]
  8129 | D:5      | Found a sacrificial altar of Ru.
  8585 | D:5      | Reached XP level 8. HP: 11/51 MP: 6/14
  8909 | D:5      | Reached skill level 6 in Ice Magic
  9489 | D:5      | Found an iron altar of Okawaru.
 10316 | D:6      | Gained mutation: You sometimes lose the ability to read
                  | scrolls when taking damage. [Ru sacrifice]
 10316 | D:6      | Reached * piety under Ru
 10316 | D:6      | Reached ** piety under Ru
 11012 | D:6      | Found a staircase to the Ecumenical Temple.
 11352 | D:6      | Reached skill level 5 in Dodging
 11400 | D:7      | Identified the +2 leather armour "Taopruwo" {rCorr Str+5}
 11417 | D:7      | Learned a level 4 spell: Ice Form
 11495 | D:7      | Reached skill level 5 in Spellcasting
 11495 | D:7      | Reached XP level 9. HP: 51/64 MP: 13/16
 11767 | D:7      | Found Ankiptas's Fire Supplies.
 11845 | D:7      | Reached skill level 7 in Ice Magic
 11907 | D:7      | Reached skill level 1 in Armour
 12093 | D:7      | Killed from afar by a steam dragon

Illustrated notes

Levels and vault maps discovered:
D:1:      dpeg_arrival_fog, layout_rooms, nicolae_shop_unique_rings
D:2:      minmay_spotlight, layout_basic, serial_shops, nicolae_square_shop,
          ebering_ecumenical_altar_abandoned, basic_altar
D:3:      kennysheep_goblin_castle, layout_basic, minmay_liquid_box,
          minmay_fractal_squares_diagonal_5
D:4:      layout_basic
D:5:      layout_loops_ring, mainiacjoe_overflow_concentric_impassable,
          nicolae_ru_great_annihilating_truth
D:6:      layout_basic, minmay_temple_entry_junction_2, minmay_manual_mares
D:7:      layout_basic, ebering_ghost_xom, serial_shops, shop,
          nicolae_shop_fire_sale [nicolae_sub_dead_trees], minmay_misc_feat_chi,
          columned_hall_lemuel

Skill      XL: |  1  2  3  4  5  6  7  8  9 |
---------------+----------------------------+-----
Fighting       | 1 2 3 |  3.8
Short Blades   | 1 2 3 4 |  4.0
Ice Magic      | 5 6 7 |  7.2
Dodging        | 3 4 5 |  5.6
Spellcasting   | 3 4 5 |  5.3
Armour         | 1 |  1.2
Maces & Flails | |  0.5
Stealth        | |  2.0
Unarmed Combat | |  0.1
Conjurations   | |  0.1
Transmutations | |  0.5

Action                   |  1- 3 |  4- 6 |  7- 9 || total
-------------------------+-------+-------+-------++-------
Melee: Unarmed           |    19 |       |    53 ||    72
       Dagger            |    60 |   219 |   452 ||   731
       Punch             |     1 |     4 |     6 ||    11
       Whip              |    32 |    49 |       ||    81
 Cast: Freeze            |    16 |    11 |    18 ||    45
       Frozen Ramparts   |     6 |    12 |    19 ||    37
       Ozocubu's Armour  |       |     8 |    29 ||    37
       Hailstorm         |       |     1 |     2 ||     3
       Ice Form          |       |       |     4 ||     4
Invok: Sacrifice an Eye  |       |     1 |       ||     1
       Sacrifice Words   |       |       |     1 ||     1
  Use: Scroll            |     1 |     7 |     7 ||    15
       Potion            |     1 |     1 |    11 ||    13
 Stab: Sleeping          |       |     5 |     1 ||     6
       Invisible         |       |       |     1 ||     1
       Distracted        |       |       |     1 ||     1
Armor: Robe              |    38 |    87 |   194 ||   319
       Chain mail        |       |    39 |       ||    39
       Skin              |       |       |    39 ||    39
       Leather armour    |       |       |    20 ||    20
Dodge: Dodged            |    91 |   131 |   345 ||   567
